 Dungeon Crawl Stone Soup version 0.31-a0-202-g547052bce9 (webtiles) character file.

Game seed: 10381320268268085671

63 qw the Shooter (level 3, 0/20 HPs)
             Began as a Deep Elf Hunter on June 26, 2023.
             Slain by Terence
             ... wielding a +0 flail
              (4 damage)
             ... on level 2 of the Dungeon.
             The game lasted 00:00:33 (1076 turns).

qw the Shooter (Deep Elf Hunter)                    Turns: 1076, Time: 00:00:34

Health: 0/20       AC:  9    Str: 10    XL:     3   Next: 87%
Magic:  5/5        EV: 11    Int: 13    God:
Gold:   98         SH:  0    Dex: 18    Spells: 2/2 levels left

rFire   . . .        Y - +0 shortbow
rCold   . . .        (shield currently unavailable)
rNeg    . . .        j - +0 ring mail
rPois   .            (no helmet)
rElec   .            (no cloak)
rCorr   .            (no gloves)
SInv    .            (no boots)
Will    .....        (no amulet)
Stlth   +            e - +4 ring of protection
HPRegen 0.23/turn    (no ring)
MPRegen 0.09/turn

%: no passive effects
@: no status effects
A: no striking features
a: no special abilities


You were on level 2 of the Dungeon.
You visited 1 branch of the dungeon, and saw 2 of its levels.

You collected 98 gold pieces.


   Skills:
 - Level 1.5 Fighting
 + Level 7.3 Ranged Weapons
 - Level 2.4 Dodging
 - Level 1.2 Stealth


You had 2 spell levels left.
You didn't know any spells.
Your spell library was empty.

Inventory:

Hand Weapons
 Y - a +0 shortbow (weapon)
Armour
 j - a +0 ring mail (worn)
Jewellery
 e - a +4 ring of protection (left hand)
Potions
 a - a potion of enlightenment {unknown}
 b - a potion of lignification {unknown}

Dungeon Overview and Level Annotations

Branches:
Dungeon (2/15)

Altars:

Annotations:
D:2 Terence


Message History

Enter note:
Enter note:
Enter note:
Enter note: You shoot an arrow.
The arrow hits the hobgoblin but does no damage.
The hobgoblin barely misses you.
You shoot an arrow. The arrow barely misses the hobgoblin.
Terence says, "You're history."
The hobgoblin hits you.
You shoot an arrow. The arrow hits the hobgoblin!
You kill the hobgoblin!
Terence hits you with a +0 flail.
You shoot an arrow. The arrow closely misses Terence.
Terence completely misses you.
You shoot an arrow.
The arrow hits Terence but does no damage.
Terence hits you but does no damage.
You shoot an arrow. The arrow hits Terence.
Terence is lightly wounded.
Terence hits you with a +0 flail.
You shoot an arrow. The arrow hits Terence.
Terence is moderately wounded.
Terence says, "Don't bother to defend, it's pointless."
Terence hits you with a +0 flail!
You shoot an arrow. The arrow closely misses Terence.
Terence misses you.
You shoot an arrow. The arrow barely misses Terence.
Terence hits you but does no damage. Terence misses you.
You shoot an arrow. The arrow closely misses Terence.
Terence barely misses you.
You shoot an arrow.
The arrow hits Terence but does no damage.
Terence is moderately wounded.
Terence hits you with a +0 flail.
You shoot an arrow.
The arrow hits Terence but does no damage.
Terence is moderately wounded.
Terence hits you with a +0 flail.
You die...

#.#.....#....#####.#
#.#.......#........#
#.#######.#..#######
#.#..# #.#..# #.#..#
#.#..##########
#.#..#..@......
..#..##@# ###..##.#
#..##.# #..##.#
#..##.# #..##.#
######..##.#
...........#
#######.####


You could see Terence.

Vanquished Creatures
  2 adders (D:2)
  A worm (D:2)
  A dart slug (D:2)
  2 bats
  An endoplasm (D:1)
  6 giant cockroaches
  3 goblins (D:2)
  2 hobgoblins (D:2)
  3 jackals (D:1)
  A quokka (D:2)
  3 ball pythons
  2 frilled lizards (D:1)
  7 kobolds
  3 rats (D:1)
37 creatures vanquished.

Notes
Turn   | Place    | Note
-------+----------+-------------------------------------------
     0 | D:1      | qw the Deep Elf Hunter began the quest for the Orb.
     0 | D:1      | Reached XP level 1. HP: 12/12 MP: 3/3
     0 | D:1      | 0 ||| qw: Version: 0.3-a-22-g0ed2b0b
     0 | D:1      | 0 ||| qw: Game counter: 6266
     0 | D:1      | 0 ||| qw: Melee chars always use a shield: true
     0 | D:1      | 0 ||| qw: God list: Okawaru
     0 | D:1      | 0 ||| qw: Allow faded altars: false
     0 | D:1      | 0 ||| qw: Do Orc after clearing Dungeon:15 true
     0 | D:1      | 0 ||| qw: Do second Lair branch before Depths: true
     0 | D:1      | 0 ||| qw: Lair rune preference: random
     0 | D:1      | 0 ||| qw: Goals: Normal
     0 | D:1      | 0 ||| PLANNING D:1-11
   183 | D:1      | Reached XP level 2. HP: 16/16 MP: 4/4
   190 | D:1      | Reached skill level 6 in Ranged Weapons
   643 | D:1      | 643 ||| UPGRADING to +0 scale mail.
   653 | D:1      | 653 ||| DROPPING +0 leather armour.
   654 | D:1      | 654 ||| UPGRADING to +0 ring mail.
   664 | D:1      | 664 ||| DROPPING +0 scale mail.
   665 | D:1      | 665 ||| UPGRADING to +4 ring of protection.
   666 | D:1      | 666 ||| READING scroll labelled KAFATW YWES.
   667 | D:1      | 667 ||| READING scroll labelled ANIELA FUEJIO.
   668 | D:1      | 668 ||| READING scroll labelled YKUDAACEEGE.
   669 | D:1      | 669 ||| READING 2 scrolls labelled SOTZOIJIUM.
   670 | D:1      | 670 ||| DROPPING scroll of butterflies.
   671 | D:1      | 671 ||| DROPPING scroll of amnesia.
   778 | D:2      | Reached XP level 3. HP: 11/20 MP: 5/5
   778 | D:2      | 778 ||| FLEEEEING.
   779 | D:2      | 779 ||| FLEEEEING.
   780 | D:2      | 780 ||| FLEEEEING.
   781 | D:2      | 781 ||| FLEEEEING.
   782 | D:2      | 782 ||| FLEEEEING.
   783 | D:2      | 783 ||| FLEEEEING.
   784 | D:2      | 784 ||| FLEEEEING.
   785 | D:2      | 785 ||| FLEEEEING.
   786 | D:2      | 786 ||| FLEEEEING.
   787 | D:2      | 787 ||| FLEEEEING.
   789 | D:2      | 789 ||| FLEEEEING.
   792 | D:2      | 792 ||| FLEEEEING.
   793 | D:2      | 793 ||| FLEEEEING.
   794 | D:2      | 794 ||| FLEEEEING.
   796 | D:2      | 796 ||| FLEEEEING.
   798 | D:2      | 798 ||| FLEEEEING.
   800 | D:2      | 800 ||| FLEEEEING.
   801 | D:2      | 801 ||| FLEEEEING.
   802 | D:2      | 802 ||| FLEEEEING.
   803 | D:2      | 803 ||| FLEEEEING.
   804 | D:2      | 804 ||| STAIRDANCE
   819 | D:2      | 819 ||| STAIRDANCE
   924 | D:2      | Reached skill level 7 in Ranged Weapons
  1064 | D:2      | Noticed Terence
  1075 | D:2      | HP: 4/20 [Terence/+0 flail (4)]
  1076 | D:2      | Slain by Terence

Levels and vault maps discovered:
D:1:      ncdulo_smallfort, layout_loops_ring
D:2:      cheibrodos_helix_gallery, layout_basic,
          shapermc_ecumenical_altar_ellora, uniq_terence

Skill      XL: |  1  2  3 |
---------------+----------+-----
Ranged Weapons | 6 7 |  7.3
Fighting       | |  1.5
Dodging        | |  2.4
Stealth        | |  1.2

Action                     || total
---------------------------++-------
   Fire: Shortbow          ||   126
    Use: Scroll            ||     4
 Armour: Leather armour    ||     6
         Ring mail         ||    17
  Dodge: Dodged            ||    25

Table legend:
 A = Non-vault XP
 B = Vault XP
 C = Vault XP percentage of total XP
 D = Non-vault monster count
 E = Vault monster count
 F = Vault count percentage of total count
                 A         B        C        D         E       F
            +---------+---------+-------+---------+---------+-------
      Total |      87 |       3 |   3.3 |      35 |       2 |   5.4
            +---------+---------+-------+---------+---------+-------
        D:1 |      36 |       0 |   0.0 |      23 |       0 |   0.0
        D:2 |      51 |       3 |   5.6 |      12 |       2 |  14.3
            +---------+---------+-------+---------+---------+-------
